 Dungeon Crawl Stone Soup version 0.29.0-4-gdea44cf6ec (webtiles) character file.

Game seed: 7986832256594363090

102 qw the Chopper (level 4, -5/26 HPs)
             Began as a Tengu Warper on Aug 28, 2022.
             Killed by nerve-wracking pain
             ... invoked by Grinder
              (8 damage)
             ... while paralysed by Grinder
             ... on level 3 of the Dungeon.
             The game lasted 00:00:18 (3269 turns).

qw the Chopper (Tengu Warper)                       Turns: 3269, Time: 00:00:19

Health: -5/26      AC:  6    Str: 14    XL:     4   Next: 77%
Magic:  8/8        EV:  2    Int: 13    God:
Gold:   84         SH:  0    Dex: 13    Spells: 7/7 levels left

rFire   . . .      SeeInvis +   Y - +0 hand axe
rCold   . . .      Faith    .   (no shield)
rNeg    . . .      Spirit   .   j - +0 scale mail
rPois   .          Reflect  .   (helmet restricted)
rElec   .          Harm     .   (no cloak)
rCorr   .          Rampage  .   (no gloves)
Will    .....                   (boots unavailable)
Stlth   ..........              (no amulet)
HPRegen 0.08/turn               g - +4 ring of evasion
MPRegen 0.11/turn               c - ring of see invisible

@: paralysed, about to teleport
A: beak, talons 3
a: no special abilities


You were on level 3 of the Dungeon.
You visited 1 branch of the dungeon, and saw 3 of its levels.

You collected 141 gold pieces.
You spent 57 gold pieces at shops.


Innate Abilities, Weirdness & Mutations

You have a beak for a mouth.
You have claws for feet.


   Skills:
 - Level 2.0 Fighting
 + Level 5.3 Axes
 - Level 1.0 Throwing
 - Level 1.1 Armour
 - Level 2.1 Dodging
 - Level 2.0 Spellcasting
 - Level 2.4 Translocations


You had 7 spell levels left.
You didn't know any spells.
Your spell library contained the following spells:

 Spells                   Type           Power      Damage    Failure   Level
 Blink                    Tloc           14%        N/A       54%         2
 Gell's Gravitas          Tloc           7%         N/A       77%         3
 Lesser Beckoning         Tloc           7%         N/A       77%         3
 Teleport Other           Tloc           7%         N/A       77%         3
 Manifold Assault         Tloc           7%         N/A       100%        5

Inventory:

Hand Weapons
 l - a +0 whip
 Y - a +0 hand axe (weapon)
Missiles
 e - 6 boomerangs (quivered)
Armour
 j - a +0 scale mail (worn)
Jewellery
 c - a ring of see invisible (right hand)
 g - a +4 ring of evasion (left hand)
 h - a ring of willpower
Scrolls
 a - a scroll of identify
 m - 2 scrolls of immolation {unknown}
Potions
 d - 2 potions of haste
 f - a potion of mutation {unknown}
 i - a potion of might {unknown}
 k - a potion of heal wounds

Dungeon Overview and Level Annotations

Branches:
Dungeon (3/15)

Altars:

Shops:
D:2 (

Annotations:
D:1 1 runed translucent door
D:3 Grinder


Message History

A ball python comes into view.
The ball python hisses angrily.
Enter note:
Enter note:
Enter note: You hit the ball python.
You kill the ball python!
Found a stone staircase leading up.
You see here a ball python corpse.
Enter note:
Found a stone staircase leading up.
Enter note:
Enter note: Grinder comes into view.
Grinder shouts!
You hear a shout!
You hear an angry hiss.
3262 ||| Stepping ~*~*~tactically~*~*~ (hiding).
You start waiting.
An endoplasm comes into view.
A goblin comes into view. It is wielding a +0 dagger.
The goblin shouts!
The endoplasm quivers.
Grinder hits you but does no damage.
You closely miss Grinder.
A ball python comes into view.
Grinder gestures at you.
You suddenly lose the ability to move!
Grinder hits you.
You writhe in agony.
You can move again.
You closely miss Grinder. Grinder hits you.
You writhe in agony.
3268 ||| READING scroll of teleportation.
As you read the scroll of teleportation, it crumbles to dust.
You feel strangely unstable. Grinder gestures at you.
You suddenly lose the ability to move!
The goblin hits you but does no damage. The endoplasm freezes you.
You are frozen.
Grinder gestures at you. Pain shoots through your body!
You die...

## #. ##. # #.. #### ..
#... ##.##.# ####.##
####5gS..# ......>
.###..J@######.#..###...
.............<...# ####
...........#######
...........# ######
.....<.....# #.....
...........# #.....
.#######%### ##..... #.#
#..~... #.# #.~~...


You could see Grinder, an endoplasm, a goblin and a ball python.

Vanquished Creatures
  A hound (D:3)
  2 adders
  A dart slug (D:1)
  An orc (D:3)
  2 bats
  4 endoplasms
  5 giant cockroaches
  6 hobgoblins
  5 jackals
  2 quokkas
  3 ball pythons
  4 frilled lizards
  4 goblins
  4 kobolds
  4 rats
48 creatures vanquished.

Notes
Turn   | Place    | Note
-------+----------+-------------------------------------------
     0 | D:1      | qw the Tengu Warper began the quest for the Orb.
     0 | D:1      | Reached XP level 1. HP: 12/12 MP: 4/4
     0 | D:1      | 0 ||| qw: Version: 0.1-a-89-g26bdef1
     0 | D:1      | 0 ||| qw: Game counter: 2212
     0 | D:1      | 0 ||| qw: Always use a shield: true
     0 | D:1      | 0 ||| qw: God list: Okawaru
     0 | D:1      | 0 ||| qw: Allow faded altars: false
     0 | D:1      | 0 ||| qw: Do Orc after D:15 true
     0 | D:1      | 0 ||| qw: Do second Lair branch before Depths: true
     0 | D:1      | 0 ||| qw: Lair rune preference: random
     0 | D:1      | 0 ||| qw: Plans: Normal
     0 | D:1      | 0 ||| PLANNING D:1-11
     1 | D:1      | Found a runed translucent door.
   274 | D:1      | Reached skill level 3 in Axes
   274 | D:1      | Reached XP level 2. HP: 14/17 MP: 6/6
  1067 | D:1      | 1067 ||| UPGRADING to +4 ring of evasion.
  1068 | D:1      | 1068 ||| READING scroll labelled KIPYAGRESOU.
  1097 | D:1      | 1097 ||| READING scroll labelled SIENYZ ZEQATI.
  1098 | D:1      | 1098 ||| READING scroll labelled JOXZOCVILITT.
  1099 | D:1      | 1099 ||| READING scroll labelled RUAGHE ICIONEPIMN.
  1100 | D:1      | 1100 ||| DROPPING scroll of blinking.
  1101 | D:1      | 1101 ||| Stepping randomly (stuck).
  1102 | D:1      | 1102 ||| Stepping ~*~*~tactically~*~*~ (cloud).
  1105 | D:1      | HP: 4/17 [poisoned by you (poison gas)]
  1108 | D:1      | HP: 1/17 [poisoned by you (poison gas)]
  1535 | D:2      | Found a faded altar of an unknown god.
  1556 | D:2      | 1556 ||| Stepping ~*~*~tactically~*~*~ (stealth).
  1559 | D:2      | 1559 ||| Stepping ~*~*~tactically~*~*~ (stealth).
  1561 | D:2      | 1561 ||| Stepping ~*~*~tactically~*~*~ (stealth).
  1598 | D:2      | 1598 ||| Stepping ~*~*~tactically~*~*~ (stealth).
  1614 | D:2      | Reached XP level 3. HP: 21/21 MP: 7/7
  1739 | D:2      | 1739 ||| FLEEEEING.
  1740 | D:2      | 1740 ||| FLEEEEING.
  1741 | D:2      | 1741 ||| FLEEEEING.
  1742 | D:2      | 1742 ||| FLEEEEING.
  1743 | D:2      | 1743 ||| FLEEEEING.
  1744 | D:2      | 1744 ||| FLEEEEING.
  1745 | D:2      | 1745 ||| FLEEEEING.
  1746 | D:2      | 1746 ||| STAIRDANCE
  1888 | D:1      | 1888 ||| UPGRADING to ring of see invisible.
  1889 | D:1      | 1889 ||| DRINKING 2 amethyst potions.
  1890 | D:1      | 1890 ||| READING 2 scrolls of identify.
  1890 | D:1      | 1890 ||| IDENTIFYING fizzy purple potion
  1891 | D:1      | 1891 ||| DROPPING potion of ambrosia.
  2052 | D:2      | 2052 ||| FLEEEEING.
  2053 | D:2      | 2053 ||| FLEEEEING.
  2054 | D:2      | 2054 ||| FLEEEEING.
  2055 | D:2      | 2055 ||| FLEEEEING.
  2057 | D:2      | 2057 ||| FLEEEEING.
  2060 | D:2      | 2060 ||| FLEEEEING.
  2061 | D:2      | 2061 ||| FLEEEEING.
  2062 | D:2      | 2062 ||| FLEEEEING.
  2063 | D:2      | 2063 ||| STAIRDANCE
  2256 | D:2      | 2256 ||| Stepping ~*~*~tactically~*~*~ (stealth).
  2395 | D:2      | Reached skill level 4 in Axes
  2551 | D:2      | Found Duvir's Antique Weapon Emporium.
  2556 | D:2      | 2556 ||| BUYING whip (57 gold).
  2556 | D:2      | Bought a whip for 57 gold pieces
  2556 | D:2      | 2556 ||| DROPPING +0 club.
  2783 | D:2      | 2783 ||| UPGRADING to +0 scale mail.
  2793 | D:2      | 2793 ||| DROPPING +0 leather armour.
  2837 | D:3      | Reached XP level 4. HP: 19/26 MP: 8/8
  2872 | D:3      | 2872 ||| FLEEEEING.
  2878 | D:3      | 2878 ||| STAIRDANCE
  2917 | D:2      | 2917 ||| READING 2 scrolls of identify.
  2917 | D:2      | 2917 ||| IDENTIFYING red potion
  2942 | D:3      | 2942 ||| Stepping ~*~*~tactically~*~*~ (stealth).
  2950 | D:3      | Reached skill level 5 in Axes
  3060 | D:3      | 3060 ||| Stepping ~*~*~tactically~*~*~ (stealth).
  3063 | D:3      | 3063 ||| Stepping ~*~*~tactically~*~*~ (stealth).
  3064 | D:3      | 3064 ||| Stepping ~*~*~tactically~*~*~ (stealth).
  3072 | D:3      | 3072 ||| FLEEEEING.
  3073 | D:3      | 3073 ||| FLEEEEING.
  3076 | D:3      | 3076 ||| Stepping ~*~*~tactically~*~*~ (stealth).
  3077 | D:3      | 3077 ||| Stepping ~*~*~tactically~*~*~ (stealth).
  3261 | D:3      | Noticed Grinder
  3262 | D:3      | 3262 ||| Stepping ~*~*~tactically~*~*~ (hiding).
  3265 | D:3      | Paralysed by Grinder for 2 turns
  3267 | D:3      | HP: 6/26 [Grinder (5)]
  3268 | D:3      | 3268 ||| READING scroll of teleportation.
  3268 | D:3      | Paralysed by Grinder for 4 turns
  3269 | D:3      | Killed from afar by Grinder

Levels and vault maps discovered:
D:1:      dpeg_arrival_caged_fury, layout_basic
D:2:      layout_basic, basic_ecumenical_altar, serial_shops, shop
D:3:      kennysheep_six_static_rooms, layout_rooms,
          nicolae_concentric_dashed_squares_mild,
          chequers_serial_rivers_small_b, uniq_sigmund, uniq_grinder

Skill      XL: |  1  2  3  4 |
---------------+-------------+-----
Axes           | 3 4 5 |  5.3
Fighting       | |  2.0
Throwing       | |  1.0
Armour         | |  1.1
Dodging        | |  2.1
Spellcasting   | |  2.0
Translocations | |  2.4

Action                   |  1- 3 |  4- 6 || total
-------------------------+-------+-------++-------
Melee: Hand axe          |    79 |    32 ||   111
       Kick              |    15 |     4 ||    19
       Peck              |    12 |     3 ||    15
       Punch             |     1 |       ||     1
Throw: Boomerang         |    17 |     8 ||    25
  Use: Scroll            |     5 |     2 ||     7
       Potion            |     1 |       ||     1
Armor: Leather armour    |    13 |       ||    13
       Scale mail        |     2 |    10 ||    12
Dodge: Dodged            |    47 |    15 ||    62

Table legend:
 A = Non-vault XP
 B = Vault XP
 C = Vault XP percentage of total XP
 D = Non-vault monster count
 E = Vault monster count
 F = Vault count percentage of total count
                 A         B        C        D         E       F
            +---------+---------+-------+---------+---------+-------
      Total |     146 |       0 |   0.0 |      48 |       0 |   0.0
            +---------+---------+-------+---------+---------+-------
        D:1 |      24 |       0 |   0.0 |      13 |       0 |   0.0
        D:2 |      40 |       0 |   0.0 |      17 |       0 |   0.0
        D:3 |      82 |       0 |   0.0 |      18 |       0 |   0.0
            +---------+---------+-------+---------+---------+-------
